Cogmind - Beta 14 @@@ ROGUE MODE // 2024.09.27 @ 12:38:14 Player: BVrutally Odd Result: Destroyed by X-67 Chaingunner with Minigun Performance ------------- Evolutions (3) 1500 Regions Visited (8) 1600 Robots Destroyed (53) 265 Value Destroyed (2285) 2285 Prototype IDs (25) 500 Alien Tech Used (0) 0 Bonus (1128) 1128 TOTAL SCORE: 7278 Bonus ------- High Alert Combat Kills 110 Follower Combat Kills 35 Entered Garrisons 200 Entered DSFs 500 Aligned with FarCom 300 Friendly Fire -17 Cogmind --------- Core Integrity 0/700 Matter 264/300 Energy 75/100 System Corruption 0% Temperature Cool (0) Movement Core (50) Location -7/DSF Parts ------- > --- POWER (1) -------- (None) > --- PROPULSION (4) --- (None) > --- UTILITY (6) ------ Improved Terrain Scanner Terrain Scan Processor Hacking Suite > --- WEAPON (2) ------- (None) > --- INVENTORY (5) ---- Relay Coupler [NC] (26) Relay Coupler [Grunt] (28) Rocket Launcher Great Axe Peak State ------------ > --- POWER ------------ Micro Nuclear Core > --- PROPULSION ------- Compact Wheel Cesium-ion Thruster Cesium-ion Thruster Cesium-ion Thruster > --- UTILITY ---------- Coolant Injector Huge Storage Unit Improved Light Armor Plating Hacking Suite > --- WEAPON ----------- Heavy Laser Guided Plasma Cannon > --- INVENTORY -------- Improved Deuterium Engine Light Treads Flight Unit Improved Heat Sink Improved Heat Sink Medium Storage Unit Structural Scanner Machine Analyzer Signal Interpreter Improved Terrain Scanner Terrain Scan Processor Relay Coupler [NC] Relay Coupler [NC] Relay Coupler [Swarmer] Relay Coupler [Grunt] Relay Coupler [Grunt] Relay Coupler [Heavy] Beam Cannon Rocket Launcher Rocket Launcher Rocket Launcher Great Axe [Rating: 42] Favorites ----------- Power Ion Engine Engine Ion Engine Power Core Micro Nuclear Core Propulsion Light Treads Treads Light Treads Wheel Compact Wheel Flight Unit Cesium-ion Thruster Utility Huge Storage Unit Device Improved Terrain Scanner Storage Huge Storage Unit Processor Melee Analysis Suite Hackware Hacking Suite Protection Improved Light Armor Plating Weapon Medium Laser Energy Gun Medium Laser Energy Cannon Guided Plasma Cannon Ballistic Gun Assault Rifle Launcher Rocket Launcher Slashing Weapon Great Axe Build | -11 -10 -10 -10 -9 -8 -8 -7 -7 ------- Run | Yrd Mat Min Exi Min Mat Gar Fac DSF Slots Evolved 6 | . . . . . 4 . 2 . Power . | . . . . . . . . . Propulsion 2 | . . . . . 2 . . . Utility 4 | . . . . . 2 . 2 . Weapon . | . . . . . . . . . Parts Attached 70 | 8 13 9 3 5 14 7 9 2 Power 4 | 1 1 1 . . 1 . . . Engine 3 | 1 1 1 . . . . . . Core 1 | . . . . . 1 . . . Reactor . | . . . . . . . . . Propulsion 23 | 2 5 3 . 2 4 3 4 . Treads 14 | 2 3 1 . 2 3 3 . . Leg . | . . . . . . . . . Wheel 5 | . 2 2 . . 1 . . . Hover . | . . . . . . . . . Flight 4 | . . . . . . . 4 . Utility 20 | 2 2 1 . 1 7 1 5 1 Device 8 | 1 . . . . 3 1 2 1 Storage 4 | 1 2 . . . . . 1 . Processor 3 | . . . . . 1 . 2 . Hackware 1 | . . . . . 1 . . . Protection 4 | . . 1 . 1 2 . . . Artifact . | . . . . . . . . . Weapon 23 | 3 5 4 3 2 2 3 . 1 Energy Gun 11 | 2 5 1 1 . 1 1 . . Energy Cannon 6 | . . 1 2 1 . 1 . 1 Ballistic Gun 1 | 1 . . . . . . . . Ballistic Cannon . | . . . . . . . . . Launcher 3 | . . 2 . . . 1 . . Special Weapon . | . . . . . . . . . Impact Weapon . | . . . . . . . . . Slashing Weapon 2 | . . . . 1 1 . . . Piercing Weapon . | . . . . . . . . . Special Melee Weapon . | . . . . . . . . . Unidentified Prototypes . | . . . . . . . . . Corrupted Parts 3 | . . . . 3 . . . . System Corruption 11 | . . . . 11 . . . . Parts Lost 13 | . 1 6 . . 2 . . 4 Power 1 | . . 1 . . . . . . Propulsion 8 | . 1 2 . . 2 . . 3 Utility 2 | . . 1 . . . . . 1 Weapon 2 | . . 2 . . . . . . Highest Loss Streak 6 | . 1 6 . . 1 . . 4 To Critical Strikes . | . . . . . . . . . Average Slot Usage (%) 95 | . 99 84 72 100 98 99 76 70 Engine 9 | . 14 11 14 14 4 . . . Core 2 | . . . . . 4 9 7 5 Treads 23 | . 25 17 14 14 29 27 . . Wheel 6 | . 2 8 14 13 5 9 1 . Device 8 | . 14 5 . . 6 9 9 12 Storage 11 | . 14 14 14 14 9 9 7 5 Hackware 2 | . . . . . 2 9 7 7 Protection 7 | . . 1 14 14 14 9 1 . Energy Gun 13 | . 22 14 . 14 9 8 1 . Energy Cannon 3 | . . 6 . 14 3 9 1 . Ballistic Gun 2 | . 5 . . . . . . . Slashing Weapon 1 | . . . . . 5 . . . Peak Build Rating 42 | 9 13 13 16 19 34 40 42 30 Average Rating 19 | 5 11 9 8 11 28 38 30 25 On Entrance 17 | . 9 13 9 10 17 34 37 30 Naked Turns . | . . . . . . . . . Heaviest Build 107 | 14 91 91 91 95 107 104 34 18 Greatest Support 88 | 40 40 40 16 48 88 68 19 19 Greatest Overweight (x) 8 | . 5 8 5 5 6 6 2 5 Average Overweight (x) 3 | . 2 5 5 4 4 5 . . Largest Inventory Capacity 25 | 8 25 25 25 25 25 25 25 10 Average Capacity 23 | 7 22 25 25 25 25 25 11 9 Most Carried 25 | 7 25 25 25 25 25 25 25 10 Average Carried 21 | 4 18 22 24 23 24 24 10 9 Final Capacity 25 | 8 25 25 25 25 25 25 10 5 Final Carried 25 | 6 25 22 23 25 24 25 10 4 Class Distribution -------------------- 84% | Mutant 14% | Scavenger-Mutant Dominant Class ---------------- Mutant | -10/Materials Mutant | -10/Mines Mutant | -10/Exiles Mutant | -9/Mines Mutant | -8/Materials Mutant | -8/Garrison Mutant | -7/Factory Scavenger-Scout | -7/DSF Resources | -11 -10 -10 -10 -9 -8 -8 -7 -7 ----------- Run | Yrd Mat Min Exi Min Mat Gar Fac DSF Matter Collected 1210 | 298 221 32 150 171 170 114 . 54 Remotely . | . . . . . . . . . Salvage Created 2238 | 115 505 34 . 57 539 988 . . Parts 109 | 13 36 . . 2 17 41 . . Haulers Intercepted 3 | . 2 . . . 1 . . . Recyclers Shooed . | . . . . . . . . . Parts Field Recycled . | . . . . . . . . . Retrieved Matter . | . . . . . . . . . Parts Self-Destructed . | . . . . . . . . . Prevented . | . . . . . . . . . Kills | -11 -10 -10 -10 -9 -8 -8 -7 -7 ------- Run | Yrd Mat Min Exi Min Mat Gar Fac DSF Combat Hostiles Destroyed 50 | . 7 13 . . 10 20 . . Melee 8 | . . . . . 8 . . . Guns 6 | . 6 . . . . . . . Cannons 22 | . . . . . 2 20 . . AOE 14 | . 1 13 . . . . . . Classes Destroyed 12 | 3 5 1 . . 3 . . . Worker 2 | 1 . . . . 1 . . . Builder 2 | . 2 . . . . . . . Tunneler 3 | 3 . . . . . . . . Hauler 3 | . 2 . . . 1 . . . Recycler 3 | 1 . . . 1 1 . . . Operator 1 | . 1 . . . . . . . Watcher 2 | . 2 . . . . . . . Swarmer 3 | . . . . . 3 . . . Grunt 29 | . 7 . . . 5 17 . . Duelist 2 | . . . . . 1 1 . . Sentry 3 | . . . . . 1 2 . . Assembled 13 | . . 13 . . . . . . Best Kill Streak 13 | 3 3 13 . 1 5 8 . . Combat Bots Only 13 | . 2 13 . . 5 8 . . Max Kills in Single Turn 3 | 1 1 3 . 1 1 1 . . Gunslinging . | . . . . . . . . . Exploded 3 | . 1 3 . . . . . . Melee 1 | . . . . . 1 . . . Uniques/NPCs Destroyed . | . . . . . . . . . Combat | -11 -10 -10 -10 -9 -8 -8 -7 -7 -------- Run | Yrd Mat Min Exi Min Mat Gar Fac DSF Hostile Shots Fired 222 | . 50 28 . . 65 17 . 62 Missed 70 | . 12 8 . . 15 12 . 23 Damage Taken 2955 | . 481 576 . 5 833 83 . 977 Core 943 | . 37 120 . . 49 18 . 719 Absorbed by Shields 147 | . . . . . . . . 147 Core Remaining (%) 74 | 100 . . . 37 . 87 . . Volleys Fired 153 | 6 47 16 . 4 20 60 . . Largest 2 | 2 2 2 . 2 2 1 . . Hottest 120 | 60 95 95 . 110 110 120 . . Shots Fired 231 | 12 94 18 . 8 39 60 . . Gun 135 | 12 94 4 . 4 20 1 . . Cannon 78 | . . . . 4 19 55 . . Launcher 18 | . . 14 . . . 4 . . Special . | . . . . . . . . . Kinetic 39 | 6 33 . . . . . . . Thermal 148 | 6 37 2 . 8 39 56 . . Explosive 18 | . . 14 . . . 4 . . Electromagnetic 26 | . 24 2 . . . . . . Robot Hit Streak 20 | 7 9 2 . 3 7 20 . . Robot Miss Streak 4 | . 4 3 . 1 1 . . . Penetration Max . | . . . . . . . . . Secondary Targets 1 | . 1 . . . . . . . Max Gunslinging Chain 1 | . 1 . . . . . . . Shots Hit Robots 100 | 7 41 4 . 3 32 13 . . Core Hits 93 | 5 23 23 . 3 17 22 . . Critical Kills . | . . . . . . . . . Critical Parts Destroyed . | . . . . . . . . . Critical Strikes 2 | . . . . . 2 . . . Burn 1 | . . . . . 1 . . . Sever 1 | . . . . . 1 . . . Melee Attacks 30 | . . . . . 30 . . . Impact . | . . . . . . . . . Slashing 30 | . . . . . 30 . . . Piercing . | . . . . . . . . . Sneak Attacks 2 | . . . . . 2 . . . Combat Hostiles . | . . . . . . . . . Follow-up Attacks . | . . . . . . . . . Damage Inflicted 5013 | 100 776 1146 . 91 1191 1709 . . Guns 1027 | 100 736 13 . 38 140 . . . Cannons 1956 | . . . . 53 194 1709 . . Explosions 1170 | . 37 1133 . . . . . . Melee 857 | . . . . . 857 . . . Ramming 3 | . 3 . . . . . . . Kinetic 267 | 43 224 . . . . . . . Thermal 2475 | 57 284 . . 91 334 1709 . . Explosive 1133 | . . 1133 . . . . . . Electromagnetic 278 | . 265 13 . . . . . . Impact . | . . . . . . . . . Slashing 857 | . . . . . 857 . . . Piercing . | . . . . . . . . . Highest Corruption 16 | . . 5 5 16 . . . . Average Corruption 5 | . . 5 5 5 . . . . Corruption Purged . | . . . . . . . . . Corruption Blocked . | . . . . . . . . . Effects 30 | . . 2 19 9 . . . . Message Errors 7 | . . . 4 3 . . . . Matter Fused 12 | . . 1 8 3 . . . . Heat Flow Errors 3 | . . . 2 1 . . . . Energy Discharges 5 | . . 1 2 2 . . . . Data Loss (minor) 3 | . . . 3 . . . . . Overload Shots . | . . . . . . . . . Overflow Damage 115 | . 6 66 . . 43 . . . Projectiles . | . . . . . . . . . Explosions 72 | . 6 66 . . . . . . Melee 43 | . . . . . 43 . . . Knockbacks . | . . . . . . . . . Impact . | . . . . . . . . . Kinetic . | . . . . . . . . . Secondary . | . . . . . . . . . Self-Inflicted Damage 263 | . 36 219 . . . 8 . . Shots 8 | . 1 6 . . . 1 . . Rammed 2 | . 2 . . . . . . . Targets Rammed 2 | . 2 . . . . . . . Kicked . | . . . . . . . . . Crushed . | . . . . . . . . . Highest Temperature 273 | . 204 66 261 266 273 198 . . Average Temperature 85 | . 44 33 121 91 113 104 . . Received Heat Transfer 676 | . 240 40 . . 288 45 . 63 Effects 1 | . . . . . 1 . . . Energy Bleed 1 | . . . . . 1 . . . Siege Activations . | . . . . . . . . . Robots Corrupted . | . . . . . . . . . Combat Hostiles . | . . . . . . . . . Parts Fried . | . . . . . . . . . Impact Corruptions . | . . . . . . . . . Robots Melted . | . . . . . . . . . Combat Hostiles . | . . . . . . . . . Parts Melted 6 | . . . . . 2 4 . . Heat Transferred 5782 | 125 707 . . 222 888 3840 . . Parts Sabotaged . | . . . . . . . . . Parts Stolen . | . . . . . . . . . Parts Stripped . | . . . . . . . . . Power Chain Reactions 1 | . 1 . . . . . . . Alert | -11 -10 -10 -10 -9 -8 -8 -7 -7 ------- Run | Yrd Mat Min Exi Min Mat Gar Fac DSF Peak Influence 711 | 25 152 47 . 37 232 711 373 291 Initial 373 | . 16 . . . 14 25 373 261 Average 127 | 8 28 6 . 4 97 420 373 268 Maximum Alert Level 3 | . . . . . 1 3 1 1 Low Security (%) 74 | 100 100 100 . 100 79 11 . . Level 1 12 | . . . . . 20 21 100 100 Level 2 12 | . . . . . . 62 . . Level 3 . | . . . . . . 4 . . Level 4 . | . . . . . . . . . Level 5 . | . . . . . . . . . High Security . | . . . . . . . . . Max Security . | . . . . . . . . . Squads Dispatched 3 | . 2 . . . . . . 1 Investigation 1 | . 1 . . . . . . . Extermination . | . . . . . . . . . Reinforcement 2 | . 1 . . . . . . 1 Assault . | . . . . . . . . . Garrison . | . . . . . . . . . Intercept . | . . . . . . . . . Searches Triggered . | . . . . . . . . . Construction Impeded . | . . . . . . . . . Haulers Reinforced . | . . . . . . . . . Active Scanning Responses . | . . . . . . . . . Cargo Convoy Interrupts . | . . . . . . . . . Stealth | -11 -10 -10 -10 -9 -8 -8 -7 -7 --------- Run | Yrd Mat Min Exi Min Mat Gar Fac DSF Distress Signals 4 | . 1 . . . 3 . . . Communications Jammed . | . . . . . . . . . Distress Signals . | . . . . . . . . . Times Spotted 70 | . 19 14 . 1 18 8 . 10 Peak Tracking Total 10 | . 3 10 . . 8 4 . 7 Tactical Retreats 7 | . 2 . . . 1 2 . 2 Traps | -11 -10 -10 -10 -9 -8 -8 -7 -7 ------- Run | Yrd Mat Min Exi Min Mat Gar Fac DSF Traps Triggered 13 | . 1 . . . . 6 . 6 Indirectly . | . . . . . . . . . Trap Hack Attempts . | . . . . . . . . . Triggered . | . . . . . . . . . Disarmed . | . . . . . . . . . Reprogrammed . | . . . . . . . . . Reused . | . . . . . . . . . Traps Extracted . | . . . . . . . . . Installed . | . . . . . . . . . Triggered 1 | . . 1 . . . . . . Machines | -11 -10 -10 -10 -9 -8 -8 -7 -7 ---------- Run | Yrd Mat Min Exi Min Mat Gar Fac DSF Machines Disabled 6 | . . . . . . 6 . . Max in Single Turn 1 | . . . . . . 1 . . Garrison Relay 3 | . . . . . . 3 . . Machines Repaired . | . . . . . . . . . Machines Dismantled . | . . . . . . . . . Machines Sabotaged . | . . . . . . . . . Overloaded Fab Kills . | . . . . . . . . . Hacking | -11 -10 -10 -10 -9 -8 -8 -7 -7 --------- Run | Yrd Mat Min Exi Min Mat Gar Fac DSF Machines Accessed 15 | . 8 . 1 1 2 2 1 . Terminals 10 | . 6 . . . 1 2 1 . Fabricators . | . . . . . . . . . Repair Stations . | . . . . . . . . . Recycling Units 2 | . 2 . . . . . . . Scanalyzers . | . . . . . . . . . Garrison Access 1 | . . . . . 1 . . . Total Hacks 36 | . 22 . 1 1 6 4 2 . Successful 20 | . 12 . 1 1 3 2 1 . Failed 16 | . 10 . . . 3 2 1 . Catastrophic 4 | . 3 . . . 1 . . . Database Lockouts . | . . . . . . . . . Manual 12 | . 7 . 1 . 3 1 . . Terminals 31 | . 20 . . . 5 4 2 . Fabricators . | . . . . . . . . . Repair Stations . | . . . . . . . . . Recycling Units 2 | . 2 . . . . . . . Scanalyzers . | . . . . . . . . . Garrison Access 1 | . . . . . 1 . . . Terminal Hacks 15 | . 9 . 1 1 1 2 1 . Prototype ID Bank 1 | . 1 . . . . . . . Open Door 2 | . . . . 1 . 1 . . Open DSF 1 | . . . . . . . 1 . Alert Level 1 | . 1 . . . . . . . Unreport Threat 2 | . 2 . . . . . . . Locate Traps 2 | . 2 . . . . . . . Hauler Manifests 1 | . 1 . . . . . . . Registered Components 1 | . . . . . 1 . . . Zone Layout 2 | . 2 . . . . . . . Garrison Registry 1 | . . . . . . 1 . . Derelict Proto ID Bank 1 | . . . 1 . . . . . Fabricator Hacks . | . . . . . . . . . Repair Station Hacks . | . . . . . . . . . Recycling Unit Hacks 2 | . 2 . . . . . . . Retrieve Components 2 | . 2 . . . . . . . Scanalyzer . | . . . . . . . . . Garrison Access Hacks 1 | . . . . . 1 . . . Unlock Access 1 | . . . . . 1 . . . Unauthorized Hacks 2 | . 1 . . . 1 . . . Terminals 2 | . 1 . . . 1 . . . Botnet 2 | . 1 . . . 1 . . . Fabricators . | . . . . . . . . . Repair Stations . | . . . . . . . . . Recycling Units . | . . . . . . . . . Scanalyzers . | . . . . . . . . . Garrison Access . | . . . . . . . . . Data Cores Recovered . | . . . . . . . . . Used . | . . . . . . . . . Hacking Detections 8 | . 6 . . . 1 . 1 . Full Trace Events . | . . . . . . . . . Feedback Events . | . . . . . . . . . Feedback Blocked . | . . . . . . . . . Robot Schematics Acquired . | . . . . . . . . . Robots Built . | . . . . . . . . . Authchips . | . . . . . . . . . Time . | . . . . . . . . . Total Robot Build Rating . | . . . . . . . . . Part Schematics Acquired . | . . . . . . . . . Parts Built . | . . . . . . . . . Authchips . | . . . . . . . . . Time . | . . . . . . . . . Total Part Build Rating . | . . . . . . . . . Parts Repaired . | . . . . . . . . . Time . | . . . . . . . . . Parts Recycled . | . . . . . . . . . Recycled Matter . | . . . . . . . . . Retrieved Matter . | . . . . . . . . . Retrieved Components 19 | . 19 . . . . . . . Parts Scanalyzed . | . . . . . . . . . Part Schematics Acquired . | . . . . . . . . . Parts Damaged . | . . . . . . . . . Bothacking | -11 -10 -10 -10 -9 -8 -8 -7 -7 ------------ Run | Yrd Mat Min Exi Min Mat Gar Fac DSF Used RIF Installer . | . . . . . . . . . Robots Hacked . | . . . . . . . . . Non-combat . | . . . . . . . . . Combat . | . . . . . . . . . Robot Hacks Applied . | . . . . . . . . . Relay Couplers Released 14 | . . . . . . 14 . . Machine Destruction 14 | . . . . . . 14 . . Fabnet Peak Effective % . | . . . . . . . . . Robots Rewired 2 | . . . . . . 2 . . Allies Hacked . | . . . . . . . . . Hacks Repelled . | . . . . . . . . . Allies | -11 -10 -10 -10 -9 -8 -8 -7 -7 -------- Run | Yrd Mat Min Exi Min Mat Gar Fac DSF Total Allies 4 | . . . . 2 . 2 . . Largest Group 2 | . . . . 2 1 2 2 . Highest-Rated Group 70 | . . . . 46 31 70 70 . Highest-Rated Ally 39 | . . . . 31 31 39 39 . Total Orders 1 | . . . . . . . 1 . STAY 1 | . . . . . . . 1 . Ally Attacks 9 | . . . . 4 5 . . . Total Damage 126 | . . . . 84 42 . . . Kills 1 | . . . . 1 . . . . Allies Corrupted . | . . . . . . . . . Allies Melted . | . . . . . . . . . Intel | -11 -10 -10 -10 -9 -8 -8 -7 -7 ------- Run | Yrd Mat Min Exi Min Mat Gar Fac DSF Robot Analysis Total . | . . . . . . . . . Derelict Logs Recovered 2 | . . . . 2 . . . . Drone Launches . | . . . . . . . . . Drone Recoveries . | . . . . . . . . . Exploration | -11 -10 -10 -10 -9 -8 -8 -7 -7 ------------- Run | Yrd Mat Min Exi Min Mat Gar Fac DSF Turns Passed 6320 | 206 2333 166 674 380 1253 1141 42 125 Spaces Moved 2528 | 104 832 54 383 180 373 478 44 80 Core 34 | 13 . . . . . . . 21 Treads 965 | 91 661 13 . 1 144 55 . . Legs . | . . . . . . . . . Wheels 1426 | . 171 41 383 179 229 423 . . Hover . | . . . . . . . . . Flight 103 | . . . . . . . 44 59 Fastest Speed 27 | 50 160 175 175 175 190 190 27 27 Average Speed 202 | 146 252 222 175 175 209 195 30 47 Slowest Speed 480 | 160 480 320 175 240 240 240 194 300 Overloaded Moves . | . . . . . . . . . Propulsion Burnouts . | . . . . . . . . . Robots Hopped . | . . . . . . . . . Cave-ins Triggered . | . . . . . . . . . Exploration Rate (%) 46 | 7 96 16 87 40 38 64 1 69 Regions Visited 8 Branch Regions 3 Pre-discovered Areas 2 | . . 1 . 1 . . . . Known Exits Taken 2 | . . . . . 1 . 1 . Unknown Exits Taken 5 | 1 1 1 1 1 . . . . Scrap Searched 1 | . . 1 . . . . . . Spaces Dug 5 | . . . . . 1 4 . . Terrain Destroyed 143 | . 2 104 . . 1 36 . . Melee 1 | . . . . . 1 . . . Projectile . | . . . . . . . . . AOE 142 | . 2 104 . . . 36 . . Terrain Rammed . | . . . . . . . . . Walls Destroyed . | . . . . . . . . . Machines Disabled . | . . . . . . . . . Actions | -11 -10 -10 -10 -9 -8 -8 -7 -7 --------- Run | Yrd Mat Min Exi Min Mat Gar Fac DSF Total 3449 | 143 966 81 388 236 757 630 76 172 Wait 515 | 17 53 . . 43 295 52 6 49 Move 2519 | 103 831 53 382 179 373 475 43 80 Hop . | . . . . . . . . . Pick Up 56 | 8 15 2 . 3 12 9 6 1 Fast Attach 18 | 6 2 1 1 . 5 1 2 . Attach 24 | 1 1 6 2 1 4 1 6 2 Detach 9 | . 1 1 3 . . 1 1 2 Swap 28 | 1 10 2 . 4 5 5 1 . Drop 49 | 1 4 . . 2 13 10 11 8 Fire 153 | 6 47 16 . 4 20 60 . . Melee 30 | . . . . . 30 . . . Ram . | . . . . . . . . . Kick . | . . . . . . . . . Crush 2 | . 2 . . . . . . . Escape Stasis 42 | . . . . . . 12 . 30 Rewire 4 | . . . . . . 4 . . Trap . | . . . . . . . . . Miscellaneous . | . . . . . . . . . Route ------- -11/Scrapyard -10/Materials (discovered 5 exits: [*Mat x3] / [*Min x2]) -10/Mines -10/Exiles -9/Mines -8/Materials (discovered 3 exits: *Fac x2 / Gar) -8/Garrison (discovered 3 exits: *Fac x3) -7/Factory -7/DSF History --------- Turn | Location | Event 4 | -11/Scrapyard | Discovered new exit (range 16) 207 | -11/Scrapyard | Entered Materials 314 | -10/Materials | Build established: Mutant 408 | -10/Materials | Discovered new exit (range 16) 516 | -10/Materials | Discovered new exit (range 17) 770 | -10/Materials | Discovered new exit (range 9) 1266 | -10/Materials | Discovered new exit (range 6) 1510 | -10/Materials | Discovered new exit (range 14) 2540 | -10/Materials | Entered Mines 2541 | -10/Mines | Learned location of Storage (-9) 2550 | -10/Mines | Met a Derelict bent on vengeance 2554 | -10/Mines | Assembled infested the area 2607 | -10/Mines | Core integrity fell below 50% 2636 | -10/Mines | Destroyed 13 combat bots 2638 | -10/Mines | Lost 6 parts (1p2n1u2w) 2697 | -10/Mines | Deemed a non-threat by the Exiles lab entrance 2699 | -10/Mines | Discovered new exit (range 5) 2706 | -10/Mines | Entered Exiles 2749 | -10/Exiles | Met 8R-AWN 2781 | -10/Exiles | Met EX-HEX 2826 | -10/Exiles | Met EX-BIN 2851 | -10/Exiles | Aligned with FarCom system 2853 | -10/Exiles | Given EX-Vault access code 2895 | -10/Exiles | Opened EX-Vault 2919 | -10/Exiles | Found Gui. Plasma Cannon 2958 | -10/Exiles | Warned to stay clear of 0b10 Research branches 3007 | -10/Exiles | Met EX-DEC 3097 | -10/Exiles | Visited The Gauntlet 3359 | -10/Exiles | Discovered new exit (range 14) 3380 | -10/Exiles | Left Exiles lab with Gui. Plasma Cannon 3380 | -10/Exiles | Entered Mines 3552 | -9/Mines | Learned location of Zion (-7) 3609 | -9/Mines | Met a Derelict who couldn't figure out how to use a Trap Extractor 3727 | -9/Mines | Discovered new exit (range 8) 3755 | -9/Mines | System corruption reached 10% 3760 | -9/Mines | Entered Materials 3760 | -8/Materials | Accompanied by 1 ally 3760 | -8/Materials | Evolved 4 slots: Propulsion x2, Utility x2 3765 | -8/Materials | Led the pair of lost Derelicts to an unsafe place 4053 | -8/Materials | Build established: Scavenger-Mutant 4336 | -8/Materials | Discovered new exit (range 12) 4692 | -8/Materials | Build established: Mutant 5005 | -8/Materials | Discovered new exit (range 8) 5013 | -8/Materials | Identified exit to Garrison 5013 | -8/Materials | Entered Garrison 5059 | -8/Garrison | Triggered checkpoint 5178 | -8/Garrison | Destroyed 8 combat bots 5224 | -8/Garrison | Discovered new exit (range 27) 5224 | -8/Garrison | Discovered new exit (range 42) 5224 | -8/Garrison | Discovered new exit (range 46) 5335 | -8/Garrison | Triggered checkpoint 5394 | -8/Garrison | Garrison Relay disabled 5450 | -8/Garrison | Attempted to access garrison exit controls, blocked by remote lockdown 5517 | -8/Garrison | Triggered checkpoint 5655 | -8/Garrison | Attempted to access garrison exit controls, blocked by remote lockdown 5691 | -8/Garrison | Triggered checkpoint 5720 | -8/Garrison | Garrison Relay disabled 5841 | -8/Garrison | Triggered checkpoint 5975 | -8/Garrison | Triggered checkpoint 6104 | -8/Garrison | Garrison Relay disabled 6154 | -8/Garrison | Entered Factory 6154 | -7/Factory | Accompanied by 2 allies 6154 | -7/Factory | Evolved 2 slots: Utility x2 6196 | -7/Factory | Identified exit to DSF 6196 | -7/Factory | Entered DSF 6237 | -7/DSF | Additional patrols routed to DSF 6302 | -7/DSF | Core integrity fell below 50% 6315 | -7/DSF | Core integrity fell below 20% 6321 | -7/DSF | Destroyed by X-67 Chaingunner with Minigun Last Messages --------------- 06305_ Field strength at 82. 06306_ Field strength at 64. 06307_ Field strength at 58. 06308_ Field strength at 40. 06309_ Field strength at 34. 06310_ Field strength at 21. 06311_ Field strength at 15. 06312_ Penetrated by Slug. 06312_ Knocked back. 06313_ Stasis field depleted. 06314_ C-30 ARC bursts open, deploying its payload. 06314_ B-48 Gladiator unfolds itself. 06314_ G-47 Trooper unfolds itself. 06317_ Knocked back. 06318_ A-02 Transporter suffers critical hit (Burn). 06320_ A-02 Transporter destroyed. 06320_ Field strength at 48. 06321_ Acquired 45 matter. Map ----- +----------------------------------------------------+ | ???????????#???#???##???#??#?#????#?#####?#????? | | ???????????#??#?###??#?###??##??????##""#?????#? | | ???????????????##??##### #######??####"#####?##? | | ????????#??#??#?##?#####""############"#####???? | | ????????????????#?### !!#########"""""##???? | | ?????????????#???#?## !%!!# # ##"""""###??# | | ????????????????#??## %%!!! ""##"#?? | | ??????????##????#??## ]^=|* """""#?# | | ???????#???????#???#### xx### #!!## ""####?? | | ???????????????#??#####!! ### #!!### ######## | | ??????????#????#?####[[ !!########## ####???# | | ?????????#???#?#?####[[ !!######## !####??? | | ?????????????#????###[[ !!######## !##???#? | | ?????????????#?###?#### ######?##### ###????? | | ?????????#?###?????##!! !!########!! ###?#?? | | ???????????#?#?????##!! !!#?######!! ##????# | | ???????????????????##!!% !!########!! ####?## | | ???????????#????####### ############ ####???? | | ????????????#]??#!!!### ###===#!!!## ##??#? | | ???????????##]]]#!!!##ab Ha##===;!!!"" ##?#?? | | ?????????? gg !!#####? | | ?????????? %g !!"####? | | ?????????? !!#####? | | ???????????##!!!#!!!##a = ##!!!#]]]## ||####?? | | ????????????#!??#!!!?##! !###!!!#]]]## ! |##???# | | ????????????????###???#@! ##################?#?# | | ????????????????????#!! **#################### | | ?????????????#??????#!! **#?#??#?##?##?#?????? | | ????????????????????#!! **#??#????###????#??## | | ??????????????#?????### ###????#??#??#???#?#?# | | ?????????????????????? ????#?#???#?????#?#?# | | ?????????????????????? ?##???#####??##??#?# | | ?????????????#??????? ???#??#?#?????#???## | | ?????????????????????## ###??#?###?###????##?? | | ??????????????????????# #??????????#?????????? | | ?????????????????????? ???????????#????????? | | ?????????????????????? ?????????#?#????????? | | ?????????????????????? |||!????????????????????? | | ?????????????????????? |||!?#??????????????????? | | ??????????????????????######???????????????????? | | ???????????????????????????????????????????????? | | ???????????????????????????????????????????????? | | ???????????????????????????????????????????????? | | ???????????????????????????????????????????????? | | ???????????????????????????????????????????????? | | ???????????????????????????????????????????????? | | ???????????????????????????????????????????????? | | | | | | | +----------------------------------------------------+ Best States ------------- Heat Dissipation 34 Coolant Potential 65 Energy Generation 15 Energy Capacity 250 Matter Stores 300 Matter Capacity 300 Sight Range 16 Terrain Scan Range 16 Terrain Scan Density 85 Armor Coverage 375 Evasion (%) 64 Melee Accuracy 5 Recoil Reduction 4 Offensive Hacking 10 Item Schematics ----------------- None Robot Schematics ------------------ None Fabricated ------------ Nothing Alien Tech Used ----------------- None Achievements -------------- None Challenges ------------ None Game ------ Seed ArmorReflectiveNanovents Manual? 0 Play Time 01:02:20 Cumulative 175.5 hours Start 2024.09.27 @ 11:33:45 End 2024.09.27 @ 12:38:14 Sessions 1 Manual Loads 0 Difficulty Rogue Special Mode None Game No. 84 Rogue 37 Adventurer 16 Explorer 31 Win Type - Total 25 Types 16/5/1/1/0/0/1/1/0 Lore% 76 Gallery% 83 Achievement% 80 Wizard Run 0 Options --------- Layout 2 ASCII 0 Keyboard 0 Movement Mouse Keybinds 0 Fullscreen 1 Font 32/Tamsyn Map View 50x44 Zoom Use 0% Tactical HUD 1 Map Filters NONE Filters NONE Steam 1 RUN: 0e125887-e2fc-4f18-a2b6-180efb85e61c